 Dungeon Crawl Stone Soup version 0.29-a0-1027-gcd8c55af63 (webtiles) character file.

Game seed: 9821322748923479309

74 gelatine the Stinger (level 4, -2/29 (30) HPs)
             Began as a Demonspawn Venom Mage on Aug 13, 2022.
             Slain by Crazy Yiuf
             ... wielding a +3 quarterstaff of chaos
              (5 damage)
             ... on level 2 of the Dungeon.
             The game lasted 00:05:16 (2711 turns).

gelatine the Stinger (Demonspawn Venom Mage)        Turns: 2711, Time: 00:05:17

HP:   -2/29 (30)    AC:  4    Str:  9    XL:     4   Next: 9%
MP:   2/7           EV: 12    Int: 18    God:
Gold: 102           SH:  0    Dex: 13    Spells: 5/8 levels left

rFire   . . .      SeeInvis .   j - +4 spear
rCold   . . .      Faith    .   (no shield)
rNeg    . . .      Spirit   .   a - +0 robe
rPois   .          Reflect  .   (no helmet)
rElec   .          Harm     .   (no cloak)
rCorr   .          Rampage  .   (no gloves)
Will    .....                   (no boots)
Stlth   ++........              (no amulet)
HPRegen 0.09/turn               (no ring)
MPRegen 0.10/turn               (no ring)

@: lightly drained
A: thin metallic scales 1, powered by death 1
a: no special abilities


You were on level 2 of the Dungeon.
You visited 1 branch of the dungeon, and saw 2 of its levels.

You collected 102 gold pieces.

Inventory:

Hand Weapons
 j - a +4 spear (weapon)
Armour
 a - a +0 robe (worn)
Scrolls
 d - 3 scrolls of enchant armour {unknown}
 f - a scroll of vulnerability {unknown}
 g - 3 scrolls of poison {unknown}
 h - a scroll of immolation {unknown}
 i - 4 scrolls of teleportation {unknown}
Potions
 b - a potion of magic
 c - a potion of might {unknown}
 e - 3 potions of curing {unknown}
 k - a potion of degeneration {unknown}


   Skills:
 + Level 0.6 Maces & Flails
 + Level 2.0 Dodging
 + Level 1.9 Stealth
 + Level 2.5 Spellcasting
 + Level 1.9 Transmutations
 + Level 3.7 Poison Magic


You had 5 spell levels left.
You knew the following spells:

 Your Spells              Type           Power      Damage    Failure   Level
a - Sting                 Tmut/Pois      48%        1d5       5%          1
b - Poisonous Vapours     Pois/Air       16%        N/A       12%         2

Your spell library contained the following spells:

 Spells                   Type           Power      Damage    Failure   Level
 Mephitic Cloud           Conj/Pois/Air  6%         N/A       30%         3
 Olgreb's Toxic Radiance  Pois           15%        N/A       36%         4


Dungeon Overview and Level Annotations

Branches:
Dungeon (2/15)

Altars:

Annotations:
D:2 Crazy Yiuf


Innate Abilities, Weirdness & Mutations

You are partially covered in thin metallic scales. (AC +2)
You regenerate a little health from kills.


Message History

Confirm with . or Enter, or press ? or * to list all spells.
Aiming: Poisonous Vapours (safe; 12% risk of failure)
Press: ? - help, Dir - move target, f - Crazy Yiuf
Aim: Crazy Yiuf, wielding a +3 quarterstaff of chaos and wearing a +1 cloak (wandering, hasn't noticed you) Poisonous vapours surround Crazy Yiuf!
Crazy Yiuf is poisoned.
Crazy Yiuf shouts!
Crazy Yiuf waves his quarterstaff at you.
Casting: Poisonous Vapours (safe; 12% risk of failure)
Confirm with . or Enter, or press ? or * to list all spells.
Aiming: Sting (safe; 5% risk of failure)
Press: ? - help, Shift-Dir - straight line, f/p - Crazy Yiuf
Aim: Crazy Yiuf, wielding a +3 quarterstaff of chaos and wearing a +1 cloak (poisoned, 75% to hit)
The sting misses Crazy Yiuf.
Casting: Sting (safe; 5% risk of failure)
Confirm with . or Enter, or press ? or * to list all spells.
Aiming: Sting (safe; 5% risk of failure)
Press: ? - help, Shift-Dir - straight line, f/p - Crazy Yiuf
Aim: Crazy Yiuf, wielding a +3 quarterstaff of chaos and wearing a +1 cloak (lightly wounded, poisoned, 75% to hit)
The sting hits Crazy Yiuf but does no damage.
Crazy Yiuf looks even sicker.
Crazy Yiuf is lightly wounded.
You puncture Crazy Yiuf!
Crazy Yiuf is heavily wounded.
Crazy Yiuf hits you with a +3 quarterstaff of chaos!
You feel drained.
You hit Crazy Yiuf.
Crazy Yiuf is severely wounded.
Crazy Yiuf hits you with a +3 quarterstaff of chaos!
* * * LOW HITPOINT WARNING * * *
Crazy Yiuf draws strength from your wounds!
Casting: Sting (safe; 5% risk of failure)
Confirm with . or Enter, or press ? or * to list all spells.
Aiming: Sting (safe; 5% risk of failure)
Press: ? - help, Shift-Dir - straight line, f/p - Crazy Yiuf
Aim: Crazy Yiuf, wielding a +3 quarterstaff of chaos and wearing a +1 cloak (moderately wounded, very poisoned, 75% to hit)
The sting hits Crazy Yiuf but does no damage.
Crazy Yiuf looks even sicker.
Crazy Yiuf is moderately wounded.
Crazy Yiuf hits you with a +3 quarterstaff of chaos.
You die...

###♣♣♣♣♣
########....♣.♣♣♣ ###
.............♣..♣#...#
######......♣♣♣♣@g...#
....###....♣♣ ♣♣#..)#
..#.###.##♣♣ ###
~~..'.#.# ~~..)...#
..#.###.#############
....###.#...........#
#####...###########.#
##.###### #.#


You could see Crazy Yiuf (very poisoned).

Vanquished Creatures
  3 adders (D:2)
  A dart slug (D:1)
  6 endoplasms
  A giant cockroach (D:2)
  5 goblins
  2 hobgoblins (D:1)
  4 jackals (D:1)
  2 quokkas (D:1)
  4 ball pythons
  6 bats
  A frilled lizard (D:1)
  A kobold (D:2)
  5 rats
41 creatures vanquished.

Notes
Turn   | Place    | Note
-------+----------+-------------------------------------------
     0 | D:1      | gelatine the Demonspawn Venom Mage began the quest for the
                  | Orb.
     0 | D:1      | Reached XP level 1. HP: 13/13 MP: 3/3
   455 | D:1      | Gained mutation: You are partially covered in thin metallic
                  | scales. (AC +2) [demonic ancestry]
   455 | D:1      | Reached XP level 2. HP: 19/19 MP: 0/5
   549 | D:1      | Reached skill level 1 in Transmutations
  1629 | D:2      | Reached XP level 3. HP: 23/24 MP: 0/6
  1708 | D:2      | Found a runed translucent door.
  1709 | D:2      | Noticed Crazy Yiuf
  1713 | D:2      | Learned a level 2 spell: Poisonous Vapours
  2211 | D:2      | Gained mutation: You regenerate a little health from kills.
                  | [demonic ancestry]
  2211 | D:2      | Reached XP level 4. HP: 30/30 MP: 5/7
  2711 | D:2      | Slain by Crazy Yiuf

Illustrated notes

Levels and vault maps discovered:
D:1:      ncdulo_halloftheorcs, layout_basic, lemuel_another_geyser
D:2:      layout_loops_ring, shapermc_ecumenical_altar_petra,
          kennysheep_pointless_box, dk_noncrumbling_4, minmay_strange_pillars,
          kennysheep_generic_room_15, uniq_crazy_yiuf_cottage

Skill      XL: |  1  2  3 |
---------------+----------+-----
Transmutations | 1 |  1.9
Dodging        | 2 |  2.0
Maces & Flails | |  0.6
Stealth        | |  1.9
Spellcasting   | |  2.5
Poison Magic   | |  3.7

Action                   |  1- 3 |  4- 6 || total
-------------------------+-------+-------++-------
Melee: Mace              |    15 |       ||    15
       Spear             |     5 |     4 ||     9
 Cast: Sting             |    68 |     9 ||    77
       Poisonous Vapours |       |     1 ||     1
Armor: Robe              |    15 |       ||    15
Dodge: Dodged            |    42 |       ||    42

Table legend: (Time is in decaauts)
 A = Elapsed time spent in this place.
 B = Non-inter-level travel time spent in this place.
 C = Inter-level travel time spent in this place.
 D = Time resting spent in this place.
 E = Time spent auto-exploring this place.
 F = Levels seen in this place.
 G = Mean time per level.
                   A        B        C        D        E       F      G
               +--------+--------+--------+--------+--------+-----+--------+
         Total |   2717 |   2643 |     74 |      0 |   2269 |   2 | 1358.5 |
       Dungeon |   2717 |   2643 |     74 |      0 |   2269 |   2 | 1358.5 |
               +--------+--------+--------+--------+--------+-----+--------+

Top non-repeatable levels by time:
     D:1: 1554 daAuts
     D:2: 1162 daAuts
